 Dungeon Crawl Stone Soup version 0.23.0 (webtiles) character file.

Game seed: 12163838482321258977

149 Blackhawk the Skirmisher (level 5, -9/47 HPs)
             Began as a Hill Orc Fighter on Feb 11, 2019.
             Killed by divine providence
             ... invoked by an orc priest
              (12 damage)
             ... on level 4 of the Dungeon.
             The game lasted 00:04:30 (2645 turns).

Blackhawk the Skirmisher (Hill Orc Fighter)         Turns: 2645, Time: 00:04:30

Health: -9/47      AC: 13    Str: 20    XL:     5   Next: 31%
Magic:  5/5        EV:  3    Int:  8    God:
Gold:   194        SH:  9    Dex: 10    Spells: 4/4 levels left

rFire    . . .     SeeInvis .   a - +0 war axe
rCold    . . .     Gourm    .   c - +0 shield
rNeg     . . .     Faith    .   A - +0 plate armour
rPois    .         Spirit   .   (no helmet)
rElec    .         Reflect  .   (no cloak)
rCorr    +         Harm     .   (no gloves)
MR       .....                  z - +0 pair of boots
Stlth    ..........             (no amulet)
HPRegen  0.15/turn              e - ring of resist corrosion
MPRegen  0.09/turn              (no ring)

@: no status effects
A: no striking features
a: Convert to Beogh


You were on level 4 of the Dungeon.
You were not hungry.

You visited 1 branch of the dungeon, and saw 4 of its levels.

You collected 194 gold pieces.

Inventory:

Hand Weapons
 a - a +0 war axe (weapon)
Armour
 b - a +0 scale mail
 c - a +0 shield (worn)
 z - a +0 pair of boots (worn)
 A - a +0 plate armour (worn)
Jewellery
 e - a ring of resist corrosion (left hand)
 y - an uncursed amulet of magic regeneration {unknown}
Wands
 t - a wand of random effects (18)
 u - a wand of scattershot (3)
 D - a wand of paralysis (9)
Scrolls
 h - a scroll of immolation {unknown}
 j - 2 scrolls of enchant weapon {unknown}
 k - 2 scrolls of magic mapping {unknown}
 l - 3 scrolls of teleportation {unknown}
 o - 3 scrolls of blinking {unknown}
 p - 5 scrolls of identify {unknown}
 q - a scroll of amnesia {unknown}
 s - a scroll of fog {unknown}
 w - a scroll of enchant armour {unknown}
 x - a scroll of remove curse {unknown}
 C - a scroll of noise {unknown}
Potions
 d - 2 potions of might
 g - a potion of agility {unknown}
 i - a potion of ambrosia {unknown}
 m - 5 potions of curing {unknown}
 n - a potion of degeneration {unknown}
 r - a potion of haste {unknown}
 v - a potion of heal wounds {unknown}
 B - a potion of mutation {unknown}
Comestibles
 f - 6 rations
 E - 7 chunks of flesh


   Skills:
 + Level 4.7 Fighting
 + Level 4.1 Axes
 + Level 4.2 Armour
 + Level 4.3 Shields


You had 4 spell levels left.
You didn't know any spells.
Your spell library was empty.

Dungeon Overview and Level Annotations

Branches:
Dungeon (4/15)
 Temple: D:4-7

Altars:
Xom


Message History

You are too injured to fight recklessly!
You are too injured to fight recklessly!
You closely miss the orc.
The orc priest hits you from afar with a +0 glaive!
You block the orc's attack. x2; The orc hits you but does no damage.
The orc priest hits you from afar with a +0 glaive.
Your plate armour prevents you from hitting the orc.
The orc hits you with a +0 hand axe.
The orc hits you from afar with a +0 trident.
The orc priest looks braver for a moment.
You closely miss the orc. The orc hits you but does no damage.
You block the orc's attack.
The orc priest hits you but does no damage.
You block the orc's attack.
The orc priest calls down the wrath of Beogh upon you.
Beogh smites you!
* * * LOW HITPOINT WARNING * * *
The orc priest mumbles some strange prayers to Beogh against you.
Beogh smites you!
You die...

#... #.# +..... #.# .# #.... #.#
.# .... #.# .# ... #.# ##.# #.#
#.# ...# #.## #.#
...############.@###.####
..#.#.#>#.#.#.#.#.#.#.#.##
...#.#.#.#.#.#.#.#o#.#.#.#
<.#.#.#.#.#.#.#÷#÷#o#.#.## .
.#.#.#.#.#.#.#.#.#.#.#.#.# ..
#.#.#.#.#.#.#.#.#.#.#o#.## ...
.#.#.#.#.#.#.#.#.#.#.#.#.####....
#.#.#.#.#.#.#.#.#.#.#.#o#..ooo...
.#.#.#.#.#.#.#.#.#.#.#.#..###....


You could see an orc priest and 3 orcs.

Vanquished Creatures
  Robin (D:2)
  A howler monkey skeleton (D:4)
  4 adders
  An ooze (D:2)
  2 worms (D:2)
  2 dart slugs
  3 leopard geckos
  5 orcs
  3 giant cockroaches
  12 goblins
  8 hobgoblins
  6 jackals
  A quokka (D:3)
  2 ball pythons (D:1)
  5 bats
  3 frilled lizards (D:1)
  4 kobolds
  A leopard gecko skeleton (D:4)
  6 rats
70 creatures vanquished.

Notes
Turn   | Place    | Note
-------+----------+-------------------------------------------
     0 | D:1      | Blackhawk the Hill Orc Fighter began the quest for the Orb.
     0 | D:1      | Reached XP level 1. HP: 19/19 MP: 1/1
   247 | D:1      | Reached XP level 2. HP: 23/27 MP: 2/2
   888 | D:2      | Reached XP level 3. HP: 31/33 MP: 3/3
  1133 | D:2      | Found a shimmering altar of Xom.
  1411 | D:2      | Noticed Robin
  1412 | D:2      | Reached XP level 4. HP: 40/40 MP: 4/4
  1442 | D:2      | Killed Robin
  2173 | D:3      | Reached XP level 5. HP: 36/47 MP: 5/5
  2643 | D:4      | HP: 2/47 [orc priest/divine providence (15)]
  2645 | D:4      | Killed from afar by an orc priest

Skill      XL: |  1  2  3  4  5 |
---------------+----------------+-----
Axes           | 3 4 |  4.1
Fighting       | 4 |  4.7
Shields        | 4 |  4.3
Armour         | 4 |  4.2

Action                   |  1- 3 |  4- 6 || total
-------------------------+-------+-------++-------
Melee: War axe           |   124 |   121 ||   245
  Eat: Chunk             |     2 |     4 ||     6
Armor: Scale mail        |    60 |    28 ||    88
       Plate armour      |       |    35 ||    35
Dodge: Dodged            |    41 |    28 ||    69
Block: Shield            |    80 |    64 ||   144
